[Event "47th Rilton Cup 2017"]
[Site "?"]
[Date "2018.01.01"]
[Round "5"]
[White "Krasenkow, Michal"]
[Black "Tikkanen, Hans"]
[Result "1-0"]
[ECO "D10"]
[WhiteElo "2671"]
[BlackElo "2515"]
[PlyCount "103"]
[EventDate "2018.??.??"]
[EventType "swiss"]
[EventCountry "SWE"]
[SourceTitle "Stockholm"]
[TimeControl "40/5400+30:1800+30"]
[WhiteClock "0:21:27"]
[BlackClock "0:40:57"]

1. d4 d5 2. c4 c6 3. Nc3 Nf6 4. e3 Bf5 5. cxd5 cxd5 6. Qb3 Nc6 7. Qxb7 Bd7 8. Qb3 Rb8 9. Qd1 e5 10. dxe5 Nxe5 11. Nge2 Bc5 12. Nf4 Bc6 13. Be2 O-O 14. O-O Rb6 15. b3 d4 16. exd4 Bxd4 17. Bb2 Ne4 18. Nxe4 Bxb2 19. Qxd8 Rxd8 20. Rad1 Rbb8 21. Nc5 a5 22. Na6 Rbc8 23. Nc7 Kf8 24. Nb5 Rxd1 25. Rxd1 Bxb5 26. Bxb5 Ke7 27. Nd5+ Ke6 28. f4 Rc1 29. Rxc1 Bxc1 30. Nc7+ Kd6 31. Ne8+ Kc5 32. fxe5 Kxb5 33. Nd6+ Kc5 34. Nxf7 Kd5 35. Kf2 Bb2 36. Kf3 Ke6 37. Ng5+ Kxe5 38. Nxh7 Kf5 39. h4 Bc3 40. h5 Bd2 41. g4+ Ke6 42. Ke4 Bc1 43. Nf8+ Kf6 44. Nd7+ Kg5 45. Kf3 Bf4 46. Nc5 Be5 47. a3 Bb2 48. b4 axb4 49. axb4 g6 50. hxg6 Kxg6 51. b5 Bd4 52. Nd7 1-0

[Event "47th Rilton Cup 2017"]
[Site "?"]
[Date "2018.01.01"]
[Round "5"]
[White "Grandelius, Nils"]
[Black "Santos Latasa, Jaime"]
[Result "1/2-1/2"]
[ECO "C95"]
[WhiteElo "2647"]
[BlackElo "2536"]
[PlyCount "71"]
[EventDate "2018.??.??"]
[EventType "swiss"]
[EventCountry "SWE"]
[SourceTitle "Stockholm"]
[TimeControl "40/5400+30:1800+30"]
[WhiteClock "0:46:54"]
[BlackClock "0:20:44"]

1. e4 e5 2. Nf3 Nc6 3. Bb5 a6 4. Ba4 Nf6 5. O-O Be7 6. Re1 b5 7. Bb3 d6 8. c3 O-O 9. h3 Nb8 10. d4 Nbd7 11. c4 c6 12. Nc3 b4 13. Ne2 Nxe4 14. Qc2 Ng5 15. Bxg5 Bxg5 16. c5 exd4 17. cxd6 c5 18. Ng3 Bb7 19. Nxg5 Qxg5 20. Re7 Bc6 21. Rae1 Rad8 22. Qe2 Bb5 23. Ne4 Bxe2 24. Nxg5 c4 25. R1xe2 cxb3 26. axb3 Nf6 27. Rb7 Rxd6 28. Rxb4 d3 29. Rd2 h6 30. Ne4 Nxe4 31. Rxe4 Rb8 32. b4 Rdb6 33. Rxd3 Rxb4 34. Rxb4 Rxb4 35. Ra3 Rxb2 36. Rxa6 1/2-1/2

[Event "47th Rilton Cup 2017"]
[Site "?"]
[Date "2018.01.01"]
[Round "5"]
[White "Tari, Aryan"]
[Black "Usmanov, Vasily"]
[Result "1/2-1/2"]
[ECO "C11"]
[WhiteElo "2593"]
[BlackElo "2467"]
[PlyCount "117"]
[EventDate "2018.??.??"]
[EventType "swiss"]
[EventCountry "SWE"]
[SourceTitle "Stockholm"]
[TimeControl "40/5400+30:1800+30"]
[WhiteClock "0:20:59"]
[BlackClock "0:13:13"]

1. e4 e6 2. d4 d5 3. Nc3 Nf6 4. e5 Nfd7 5. f4 c5 6. Nf3 Nc6 7. Be3 cxd4 8. Nxd4 Bc5 9. Qd2 Bxd4 10. Bxd4 Nxd4 11. Qxd4 Qb6 12. Qd2 Nc5 13. O-O-O Bd7 14. Qd4 Bc6 15. h4 h5 16. Rh3 a5 17. a4 Qb4 18. b3 Qxd4 19. Rxd4 Ke7 20. Be2 Rac8 21. Re3 g6 22. Bf3 Na6 23. Ne2 b5 24. axb5 Bxb5 25. Nc3 Bc6 26. Kb2 Nb4 27. Na2 Nxa2 28. Kxa2 Bb5 29. Kb2 Rc5 30. Rc3 Rxc3 31. Kxc3 Rc8+ 32. Kb2 Rc5 33. c3 Rc7 34. Bd1 Rb7 35. Kc1 Rc7 36. Kd2 Rc8 37. Bc2 Rb8 38. Kc1 Rb7 39. g3 Rb8 40. Kb2 Rb7 41. Ka3 Rc7 42. Bd3 Bxd3 43. Rxd3 Rc5 44. Kb2 Kd7 45. Rd4 Kc7 46. Ra4 Rb5 47. Kc2 Kc6 48. Ra3 Rc5 49. Kd3 Kb5 50. Ra1 Rc8 51. Rg1 Kc5 52. Ra1 Kb5 53. Kd4 Rc7 54. Ra2 Rc8 55. Rb2 Rd8 56. Rg2 Rc8 57. Ra2 Rc7 58. Rc2 Rd7 59. Ra2 1/2-1/2

[Event "47th Rilton Cup 2017"]
[Site "?"]
[Date "2018.01.01"]
[Round "5"]
[White "Ivanov, Sergey"]
[Black "Golikov, Daniil"]
[Result "1/2-1/2"]
[ECO "A17"]
[WhiteElo "2540"]
[BlackElo "2220"]
[PlyCount "170"]
[EventDate "2018.??.??"]
[EventType "swiss"]
[EventCountry "SWE"]
[SourceTitle "Stockholm"]
[TimeControl "40/5400+30:1800+30"]
[WhiteClock "0:03:04"]
[BlackClock "0:02:28"]

1. Nf3 Nf6 2. c4 e6 3. Nc3 Bb4 4. Qc2 c5 5. a3 Bxc3 6. Qxc3 Nc6 7. e3 b6 8. Be2 O-O 9. O-O Bb7 10. b4 d6 11. Bb2 Qe7 12. d4 Rac8 13. bxc5 bxc5 14. dxc5 dxc5 15. Rfd1 Rfd8 16. Rd2 Rxd2 17. Nxd2 Nb8 18. Nb3 Nbd7 19. Rd1 e5 20. Qa5 a6 21. Qd2 Rb8 22. Na5 Ba8 23. f3 h6 24. Bc3 Rb6 25. h3 Qe8 26. Qc2 Qb8 27. Qf5 Re6 28. Rb1 Qc7 29. Qc2 Rb6 30. Rxb6 Qxb6 31. Kf2 Qd6 32. Qd2 Qxd2 33. Bxd2 Kf8 34. g4 Ke7 35. h4 Ne8 36. Bc3 Nd6 37. Kg3 f6 38. Nb3 Bc6 39. Nd2 Nf8 40. f4 exf4+ 41. exf4 Ne6 42. f5 Nd8 43. Kf4 N8f7 44. Bd3 Bg2 45. a4 Bc6 46. a5 Kd7 47. Nf1 Ba4 48. Ne3 Bc6 49. Bc2 Kd8 50. Bd3 Kd7 51. Nf1 Ba4 52. Ng3 Ke7 53. Nh5 Kf8 54. Ke3 Bb3 55. Nf4 Ne5 56. Bxe5 fxe5 57. Ng6+ Ke8 58. Nxe5 Nb7 59. Ke4 Nxa5 60. Kd5 Nb7 61. Kc6 Nd8+ 62. Kxc5 a5 63. Kb5 a4 64. Kb4 Ke7 65. c5 Kf6 66. Nd7+ Ke7 67. Bb5 Bc2 68. Ne5 h5 69. Bxa4 Bxa4 70. Kxa4 Kf6 71. Nd7+ Ke7 72. Nb6 hxg4 73. Nd5+ Kf7 74. Kb5 g3 75. Nf4 Kf6 76. Nh5+ Kxf5 77. Nxg3+ Kg4 78. Ne2 Ne6 79. c6 Kf3 80. Kc4 Kxe2 81. Kd5 Nc7+ 82. Kd6 Na6 83. Ke7 Kf3 84. Kf7 Kg4 85. Kxg7 Kxh4 1/2-1/2

[Event "47th Rilton Cup 2017"]
[Site "?"]
[Date "2018.01.01"]
[Round "5"]
[White "Das, Sayantan"]
[Black "Chigaev, Maksim"]
[Result "1/2-1/2"]
[ECO "C84"]
[WhiteElo "2442"]
[BlackElo "2555"]
[PlyCount "146"]
[EventDate "2018.??.??"]
[EventType "swiss"]
[EventCountry "SWE"]
[SourceTitle "Stockholm"]
[TimeControl "40/5400+30:1800+30"]
[WhiteClock "0:16:38"]
[BlackClock "0:01:42"]

1. e4 e5 2. Nf3 Nc6 3. Bb5 a6 4. Ba4 Nf6 5. O-O Be7 6. d3 d6 7. c4 O-O 8. Nc3 Bg4 9. h3 Bxf3 10. Qxf3 Nd4 11. Qd1 c6 12. Ne2 Nxe2+ 13. Qxe2 Nd7 14. Be3 Bg5 15. Bc2 Bxe3 16. fxe3 a5 17. Rab1 g6 18. b3 Kg7 19. Qd2 Qg5 20. Rf3 b5 21. cxb5 cxb5 22. a3 Nc5 23. b4 axb4 24. Qxb4 Qd8 25. d4 Ne6 26. dxe5 dxe5 27. Rd1 Qa5 28. Bb3 Qxb4 29. axb4 Ng5 30. Rff1 Ra3 31. Bd5 Rxe3 32. Rde1 Rxe1 33. Rxe1 Rd8 34. Rc1 Ne6 35. Bxe6 fxe6 36. Rc5 Kf6 37. Rxb5 Rd4 38. Rb7 h5 39. Rb8 Rxe4 40. Kf2 h4 41. Rf8+ Kg5 42. Rb8 Rc4 43. b5 Rb4 44. Ke3 e4 45. b6 Kf5 46. b7 Ke5 47. Kf2 Rb2+ 48. Kf1 g5 49. Ke1 e3 50. Kf1 Ke4 51. Re8 Rxb7 52. Rxe6+ Kf4 53. Rf6+ Kg3 54. Rf5 g4 55. hxg4 Rb1+ 56. Ke2 Kxg2 57. g5 Rb4 58. Kxe3 h3 59. g6 Rg4 60. Rf2+ Kg1 61. Kf3 Rxg6 62. Ra2 Rg2 63. Ra1+ Kh2 64. Ra8 Rg3+ 65. Kf2 Rg7 66. Rh8 Rf7+ 67. Ke2 Rf4 68. Rg8 Ra4 69. Kf2 Ra2+ 70. Kf1 Rg2 71. Rf8 Kh1 72. Rf3 h2 73. Rf8 Rf2+ 1/2-1/2

[Event "47th Rilton Cup 2017"]
[Site "?"]
[Date "2018.01.01"]
[Round "5"]
[White "Lobanov, Sergei"]
[Black "Kulaots, Kaido"]
[Result "1/2-1/2"]
[ECO "B06"]
[WhiteElo "2441"]
[BlackElo "2579"]
[PlyCount "96"]
[EventDate "2018.??.??"]
[EventType "swiss"]
[EventCountry "SWE"]
[SourceTitle "Stockholm"]
[TimeControl "40/5400+30:1800+30"]
[WhiteClock "0:21:28"]
[BlackClock "0:11:23"]

1. e4 g6 2. d4 Bg7 3. Nc3 c6 4. Nf3 d6 5. h3 Nf6 6. Be3 O-O 7. Bd3 Nbd7 8. Qe2 e5 9. dxe5 dxe5 10. Nd2 Qe7 11. Nb3 Rd8 12. g3 b5 13. a4 b4 14. Nb1 Nf8 15. N1d2 Ne6 16. Bc4 c5 17. Bxe6 Bxe6 18. Nxc5 Rac8 19. Qb5 Rxd2 20. Kxd2 Rxc5 21. Bxc5 Nxe4+ 22. Ke2 Nxc5 23. Qxb4 h5 24. Ra3 e4 25. a5 Qc7 26. Rc3 Bxc3 27. Qxc3 Qc6 28. Rd1 Qb5+ 29. Ke3 Nd7 30. Rd4 Bf5 31. b4 Kh7 32. Qc4 Qa4 33. Qxf7+ Kh6 34. Kd2 e3+ 35. Kxe3 Qxc2 36. Qc4 Qb1 37. Rd2 Qe1+ 38. Re2 Qd1 39. Rd2 Qe1+ 40. Re2 Qa1 41. Qf4+ Kh7 42. Qd4 Qc1+ 43. Kf3 Qc6+ 44. Kf4 Qc7+ 45. Ke3 Qc1+ 46. Kf3 Qc6+ 47. Kf4 Qc7+ 48. Ke3 Qc1+ {[%emt 0:00:00] Ke4} 1/2-1/2

[Event "47th Rilton Cup 2017"]
[Site "?"]
[Date "2018.01.01"]
[Round "5"]
[White "Henderson de la Fuente, Lance"]
[Black "Sasikiran, Krishnan"]
[Result "1/2-1/2"]
[ECO "B12"]
[WhiteElo "2419"]
[BlackElo "2680"]
[PlyCount "127"]
[EventDate "2018.??.??"]
[EventType "swiss"]
[EventCountry "SWE"]
[SourceTitle "Stockholm"]
[TimeControl "40/5400+30:1800+30"]
[WhiteClock "0:03:33"]
[BlackClock "0:01:57"]

1. e4 c6 2. d4 d5 3. e5 Bf5 4. Nd2 e6 5. Nb3 Nd7 6. Nf3 Ne7 7. Be2 h6 8. O-O g5 9. Ne1 Qc7 10. g3 c5 11. c3 Bg6 12. Bh5 O-O-O 13. Ng2 c4 14. Nd2 f6 15. f4 Bf5 16. Nf3 Bg7 17. b3 Kb8 18. Ba3 Nc8 19. Rf2 gxf4 20. gxf4 Bf8 21. Bxf8 Rdxf8 22. Nfh4 Bh7 23. Bg6 fxe5 24. fxe5 Rxf2 25. Kxf2 cxb3 26. Qxb3 Ndb6 27. Qc2 Nc4 28. Kg1 Bxg6 29. Qxg6 Nd2 30. Rc1 Rf8 31. h3 Qf7 32. Qxf7 Rxf7 33. Ng6 Kc7 34. N2f4 Kd7 35. Nh5 Ne4 36. c4 dxc4 37. Rxc4 Nb6 38. Rc1 Rf5 39. Nhf4 Nd5 40. Nxd5 exd5 41. h4 Rf3 42. h5 Rf5 43. Rc2 b6 44. a4 Ng5 45. Kg2 Ne6 46. Rf2 Rxf2+ 47. Kxf2 Nxd4 48. Nf4 Kc6 49. Ke3 Nf5+ 50. Kd3 a6 51. Kc3 b5 52. axb5+ axb5 53. Kb4 d4 54. e6 Ne7 55. Nd3 Kd6 56. Kxb5 Kxe6 57. Kc4 Nf5 58. Kc5 Kf6 59. Kd5 Kg5 60. Ke4 Kg4 61. Ne5+ Kg5 62. Nf3+ Kg4 63. Ne5+ Kg5 64. Nf3+ 1/2-1/2

[Event "47th Rilton Cup 2017"]
[Site "?"]
[Date "2018.01.01"]
[Round "5"]
[White "Eggleston, David"]
[Black "Kotronias, Vasilios"]
[Result "1/2-1/2"]
[ECO "B48"]
[WhiteElo "2389"]
[BlackElo "2524"]
[PlyCount "213"]
[EventDate "2018.??.??"]
[EventType "swiss"]
[EventCountry "SWE"]
[SourceTitle "Stockholm"]
[TimeControl "40/5400+30:1800+30"]
[WhiteClock "0:14:00"]
[BlackClock "0:12:42"]

1. e4 c5 2. Nf3 e6 3. d4 cxd4 4. Nxd4 Nc6 5. Nc3 Qc7 6. Be3 a6 7. Qd2 Nf6 8. O-O-O Be7 9. f3 b5 10. g4 O-O 11. g5 Nh5 12. Kb1 Nxd4 13. Qxd4 Rd8 14. Ne2 Bb7 15. Bh3 Rac8 16. Rc1 d5 17. e5 Qc4 18. Qxc4 dxc4 19. Bg4 g6 20. Rcd1 Ng7 21. h4 Nf5 22. Bb6 Rxd1+ 23. Rxd1 Bc5 24. Bxc5 Rxc5 25. Bxf5 Rxe5 26. Be4 Bxe4 27. fxe4 Rxe4 28. h5 gxh5 29. Ng3 Rh4 30. a3 Kg7 31. Rd6 Kg6 32. Rxa6 Rg4 33. Ne2 h4 34. Rd6 Re4 35. Nc3 Re5 36. Rd1 Rxg5 37. b4 cxb3 38. cxb3 h3 39. Rh1 Rg3 40. Kc2 Rg2+ 41. Kd3 h2 42. Nxb5 Kg5 43. a4 Kg4 44. Nd4 e5 45. Nc6 f6 46. b4 Kf3 47. b5 Ra2 48. b6 Rb2 49. b7 Rxb7 50. Rxh2 Rc7 51. Rc2 e4+ 52. Kd2 Rd7+ 53. Ke1 Rd3 54. Rc4 Re3+ 55. Kf1 Rd3 56. Nd4+ Ke3 57. Nc2+ Kd2 58. Ne1 Re3 59. Rd4+ Kc3 60. Rd5 Kc4 61. Rf5 Ra3 62. a5 Ra2 63. Ng2 Kb4 64. Rxf6 Rxa5 65. Re6 Kc4 66. Rxe4+ Kd3 67. Re3+ Kd4 68. Re7 Rf5+ 69. Kg1 h5 70. Kh2 Re5 71. Rh7 Rf5 72. Kh3 Ke5 73. Rh6 Rf1 74. Rxh5+ Kf6 75. Ra5 Rd1 76. Kg4 Rg1 77. Kf3 Rf1+ 78. Ke4 Rb1 79. Nf4 Re1+ 80. Kd4 Rd1+ 81. Nd3 Rd2 82. Ra1 Rh2 83. Ke4 Re2+ 84. Kf4 Rh2 85. Ra6+ Ke7 86. Nc5 Re2 87. Ra7+ Kd6 88. Ne4+ Kc6 89. Ke5 Re1 90. Ra6+ Kb5 91. Re6 Kc4 92. Rc6+ Kb4 93. Rc8 Kb5 94. Rc2 Kb6 95. Kd5 Rh1 96. Rb2+ Kc7 97. Rc2+ Kb6 98. Rc6+ Kb5 99. Nc3+ Kb4 100. Kd4 Rh4+ 101. Ne4 Kb5 102. Rg6 Rf4 103. Rg8 Rh4 104. Kd5 Rh5+ 105. Kd4 Rh4 106. Re8 Kc6 107. Ra8 {[%emt 0:00:09] Kd5+} 1/2-1/2

[Event "47th Rilton Cup 2017"]
[Site "?"]
[Date "2018.01.02"]
[Round "6"]
[White "Alekseenko, Kirill"]
[Black "Das, Sayantan"]
[Result "1-0"]
[ECO "D31"]
[WhiteElo "2590"]
[BlackElo "2442"]
[PlyCount "101"]
[EventDate "2018.??.??"]
[EventType "swiss"]
[EventCountry "SWE"]
[SourceTitle "Stockholm"]
[TimeControl "40/5400+30:1800+30"]
[WhiteClock "0:11:55"]
[BlackClock "0:19:01"]

1. d4 d5 2. c4 e6 3. Nc3 Bb4 4. e3 Nf6 5. a3 Bxc3+ 6. bxc3 c6 7. Bd3 e5 8. cxd5 e4 9. Bc2 cxd5 10. Ne2 O-O 11. f3 exf3 12. gxf3 Re8 13. O-O Qc7 14. Bd2 Nc6 15. Ng3 Bh3 16. Re1 Rac8 17. Rc1 Qd6 18. Qe2 Qxa3 19. e4 dxe4 20. fxe4 Bg4 21. Qg2 Qb2 22. h3 Nxd4 23. cxd4 Bxh3 24. Qxh3 Rxc2 25. Rxc2 Qxc2 26. Qg2 Qd3 27. Re3 Qb1+ 28. Qf1 Qb6 29. Qf3 h5 30. Bc3 h4 31. Nf1 Qe6 32. d5 Qg4+ 33. Qxg4 Nxg4 34. Re2 f6 35. Kg2 Ne5 36. Ne3 Nf7 37. Nf5 b6 38. Kf3 h3 39. Kf4 g6 40. Ng3 Kg7 41. Kg4 Ne5+ 42. Kxh3 Nd7 43. Rc2 Rh8+ 44. Kg2 Rb8 45. Bd4 Rb7 46. d6 Rb8 47. Rc7 Rd8 48. Rxa7 Kf8 49. Ne2 g5 50. Ng3 Ke8 51. Nh5 1-0

[Event "47th Rilton Cup 2017"]
[Site "?"]
[Date "2018.01.02"]
[Round "6"]
[White "Kulaots, Kaido"]
[Black "Narayanan, Srinath"]
[Result "1/2-1/2"]
[ECO "C78"]
[WhiteElo "2579"]
[BlackElo "2532"]
[Annotator "RC"]
[PlyCount "148"]
[EventDate "2018.??.??"]
[EventType "swiss"]
[EventCountry "SWE"]
[SourceTitle "Stockholm"]
[TimeControl "40/5400+30:1800+30"]
[WhiteClock "0:12:17"]
[BlackClock "0:04:20"]

1. e4 e5 2. Nf3 Nc6 3. Bb5 a6 4. Ba4 Nf6 5. O-O b5 6. Bb3 Bc5 7. Nxe5 Nxe5 8. d4 Bxd4 9. Qxd4 d6 10. a4 Rb8 11. Bf4 O-O 12. Nc3 c5 13. Qe3 c4 14. Ba2 b4 15. Ne2 Be6 16. f3 b3 17. Bb1 h6 18. Qd4 Nc6 19. Qc3 Rb7 20. cxb3 Rxb3 21. Qc1 Qb6+ 22. Kh1 Rxb2 23. Nc3 Rf2 24. Rd1 Qb2 25. Qxb2 Rxb2 26. Rxd6 Rc8 27. a5 Rb3 28. Na4 Ne8 29. Rd1 Nxa5 30. Bc2 Rb7 31. Nc3 Rb2 32. Bb1 Nc6 33. Rxa6 Rb3 34. Nd5 Bxd5 35. exd5 Nb4 36. Rb6 g5 37. Be5 Nxd5 38. Rxh6 f6 39. Bf5 Rd8 40. Bxf6 Nexf6 41. Rxf6 Nxf6 42. Rxd8+ Kf7 43. Rc8 c3 44. Rc7+ Kf8 45. Kg1 Ra3 46. Be6 Ke8 47. Kf2 Kd8 48. Rc6 Ke7 49. Ke2 Nh5 50. g3 Ng7 51. Bg4 Ra2+ 52. Ke3 Rxh2 53. Rxc3 Nh5 54. Bxh5 Rxh5 55. Ke4 Rh3 56. g4 Kf6 57. Rc6+ Kg7 58. Rc7+ Kf6 59. Rc6+ Kg7 60. Ra6 Rg3 61. Ra7+ Kg6 62. Ra6+ Kg7 63. Rb6 Rh3 64. Rb3 Kf6 65. Ra3 Rg3 66. Ra8 Rh3 67. Rf8+ Kg7 68. Rb8 Kf6 69. Rb6+ Kg7 70. Kf5 Rxf3+ 71. Kxg5 Ra3 72. Rb7+ Kg8 73. Kh5 Ra6 74. g5 Rc6 1/2-1/2

[Event "47th Rilton Cup 2017"]
[Site "?"]
[Date "2018.01.02"]
[Round "6"]
[White "Nihal, Sarin"]
[Black "Krasenkow, Michal"]
[Result "0-1"]
[ECO "D45"]
[WhiteElo "2507"]
[BlackElo "2671"]
[PlyCount "100"]
[EventDate "2018.??.??"]
[EventType "swiss"]
[EventCountry "SWE"]
[SourceTitle "Stockholm"]
[TimeControl "40/5400+30:1800+30"]
[WhiteClock "0:25:44"]
[BlackClock "0:00:51"]

1. d4 d5 2. c4 e6 3. Nf3 Nf6 4. Nc3 c6 5. e3 Nbd7 6. Qc2 Bd6 7. b3 O-O 8. Bb2 e5 9. Be2 e4 10. Nd2 a6 11. O-O-O b5 12. c5 Bc7 13. g4 b4 14. Na4 a5 15. Rdg1 Ba6 16. Bxa6 Rxa6 17. Nf1 Ra7 18. h4 Bb8 19. Qe2 Qe7 20. Kb1 Qe6 21. Bc1 Ne8 22. Ng3 Bxg3 23. fxg3 Ndf6 24. g5 Ng4 25. Rf1 f5 26. Rf4 Nc7 27. Rhf1 Raa8 28. Nb6 Rad8 29. Bd2 Qg6 30. Rg1 h6 31. gxh6 Qxh6 32. Kb2 Nb5 33. Rgf1 Qe6 34. Kc2 g6 35. Na4 Kg7 36. Nb2 Rh8 37. Nd1 Rdf8 38. Rg1 g5 39. hxg5 Rh2 40. Rg2 Rh1 41. Be1 Na3+ 42. Kc1 Ne5 43. Rf1 Rxf1 44. Qxf1 Nf3 45. Bd2 Nb5 46. Qe2 Rh8 47. Nf2 Qg6 48. g4 Qxg5 49. Nd3 fxg4 50. Ne5 Rh1+ 0-1

[Event "47th Rilton Cup 2017"]
[Site "?"]
[Date "2018.01.02"]
[Round "6"]
[White "Golikov, Daniil"]
[Black "Tari, Aryan"]
[Result "0-1"]
[ECO "A36"]
[WhiteElo "2220"]
[BlackElo "2593"]
[PlyCount "120"]
[EventDate "2018.??.??"]
[EventType "swiss"]
[EventCountry "SWE"]
[SourceTitle "Stockholm"]
[TimeControl "40/5400+30:1800+30"]
[WhiteClock "0:23:15"]
[BlackClock "0:11:49"]

1. c4 g6 2. Nc3 c5 3. g3 Bg7 4. Bg2 Nc6 5. d3 e6 6. e4 Nge7 7. Nge2 O-O 8. O-O d6 9. Be3 Nd4 10. Rb1 Nec6 11. a3 a5 12. a4 Bd7 13. Nb5 Qe7 14. b3 Nxe2+ 15. Qxe2 Nb4 16. Qd2 Bxb5 17. cxb5 d5 18. exd5 exd5 19. d4 cxd4 20. Bxd4 Bxd4 21. Qxd4 Qd6 22. Rbd1 Rfd8 23. Rd2 Rac8 24. Rfd1 Rc5 25. h4 h5 26. Bf3 b6 27. Re2 Nc2 28. Qb2 Rdc8 29. Qe5 Qxe5 30. Rxe5 Nb4 31. Kg2 Kf8 32. Rd4 Re8 33. Rg5 Nc2 34. Rf4 Ne1+ 35. Kh3 Nd3 36. Rd4 Ne5 37. Bxd5 f6 38. Rf4 Kg7 39. Rxe5 Rxe5 40. Bc4 Rf5 41. Rd4 Rxf2 42. Rd7+ Kh6 43. g4 Rf3+ 44. Kg2 hxg4 45. Rb7 Rcf5 46. Rxb6 Rf2+ 47. Kg1 Rb2 48. Re6 Rff2 49. b6 Rg2+ 50. Kh1 Rgc2 51. Re1 Rc3 52. b7 Rcxb3 53. Bxb3 Rxb3 54. Re7 Rb2 55. Rf7 f5 56. Rc7 g3 57. Rc5 Rxb7 58. Kg2 Kh5 59. Kxg3 Rb3+ 60. Kf2 Kxh4 0-1

[Event "47th Rilton Cup 2017"]
[Site "?"]
[Date "2018.01.02"]
[Round "6"]
[White "Fedorov, Maksim"]
[Black "Sokolov, Ivan"]
[Result "1/2-1/2"]
[ECO "E15"]
[WhiteElo "1232"]
[BlackElo "2589"]
[PlyCount "80"]
[EventDate "2018.??.??"]
[EventType "swiss"]
[EventCountry "SWE"]
[SourceTitle "Stockholm"]
[TimeControl "40/5400+30:1800+30"]
[WhiteClock "0:08:56"]
[BlackClock "0:01:40"]

1. d4 Nf6 2. c4 e6 3. Nf3 b6 4. g3 Bb4+ 5. Nbd2 O-O 6. Bg2 d5 7. O-O Bb7 8. cxd5 exd5 9. a3 Bd6 10. b4 Re8 11. Bb2 a5 12. bxa5 Rxa5 13. Ne5 Ra7 14. e3 Nbd7 15. f4 Qe7 16. g4 Rea8 17. g5 Ne4 18. Nxe4 dxe4 19. Nc4 b5 20. Nxd6 Qxd6 21. Qc2 Qc6 22. Rac1 Qxc2 23. Rxc2 Bd5 24. Rfc1 c6 25. Rxc6 Bxc6 26. Rxc6 f5 27. gxf6 Nxf6 28. Bh3 Kf8 29. Rc5 Rxa3 30. Bxa3 Rxa3 31. Rxb5 Rxe3 32. Be6 Rd3 33. d5 g6 34. Rb7 Nxd5 35. Rf7+ Ke8 36. Bxd5 Rxd5 37. Rxh7 Rf5 38. Rh4 Kf7 39. Rg4 Kf6 40. Kf2 g5 1/2-1/2

[Event "47th Rilton Cup 2017"]
[Site "?"]
[Date "2018.01.03"]
[Round "7"]
[White "Grandelius, Nils"]
[Black "Chigaev, Maksim"]
[Result "1/2-1/2"]
[ECO "C92"]
[WhiteElo "2647"]
[BlackElo "2546"]
[PlyCount "84"]
[EventDate "2018.??.??"]
[EventType "swiss"]
[EventCountry "SWE"]
[SourceTitle "Stockholm"]
[TimeControl "40/5400+30:1800+30"]
[WhiteClock "0:14:28"]
[BlackClock "0:21:00"]

1. e4 e5 2. Nf3 Nc6 3. Bb5 a6 4. Ba4 Nf6 5. O-O Be7 6. Re1 b5 7. Bb3 d6 8. c3 O-O 9. h3 Bb7 10. d4 Re8 11. Ng5 Rf8 12. Nf3 Re8 13. Nbd2 Bf8 14. d5 Nb8 15. Nf1 Nbd7 16. N3h2 Nc5 17. Bc2 c6 18. b4 Ncd7 19. dxc6 Bxc6 20. Bg5 Qc7 21. Bxf6 Nxf6 22. Ng4 Nxg4 23. hxg4 Be7 24. Bb3 Bg5 25. Qf3 Rf8 26. Ne3 g6 27. Rad1 Rac8 28. Rd3 Kg7 29. Nd5 Qa7 30. Red1 Rfd8 31. g3 h6 32. Kg2 Rd7 33. Qe2 a5 34. bxa5 Qxa5 35. Nb4 Ba8 36. Rxd6 Rxd6 37. Rxd6 Rxc3 38. Nd5 Rc1 39. a4 bxa4 40. Ra6 Qc5 41. Rxa4 Bc6 42. Ra2 Qb5 1/2-1/2

[Event "47th Rilton Cup 2017"]
[Site "?"]
[Date "2018.01.03"]
[Round "7"]
[White "Tari, Aryan"]
[Black "Antipov, Mikhail Al"]
[Result "1-0"]
[ECO "C01"]
[WhiteElo "2599"]
[BlackElo "2588"]
[Annotator "RC"]
[PlyCount "137"]
[EventDate "2018.??.??"]
[EventType "swiss"]
[EventCountry "SWE"]
[SourceTitle "Stockholm"]
[TimeControl "40/5400+30:1800+30"]
[WhiteClock "0:09:04"]
[BlackClock "0:04:35"]

1. e4 e6 2. d4 d5 3. exd5 exd5 4. Nf3 Bf5 5. Bd3 Bxd3 6. Qxd3 Nc6 7. O-O Qd7 8. Re1+ Nge7 9. b4 Nxb4 10. Qb3 Nbc6 11. Qxb7 Rb8 12. Qa6 f6 13. Ba3 Kf7 14. c4 Nb4 15. Qxa7 Rb6 16. c5 Nbc6 17. Qa4 Rb7 18. Nc3 g5 19. Qd1 Ng6 20. Ne2 g4 21. Nd2 h5 22. Nb3 h4 23. Bc1 Qf5 24. Be3 Nb4 25. Rf1 h3 26. Ng3 Qe6 27. gxh3 Rxh3 28. Qb1 Nh4 29. Nd2 Nf3+ 30. Nxf3 gxf3 31. Qd1 Qg4 32. Rb1 Rb8 33. Rb3 Nxa2 34. Bd2 Rh4 35. Re1 Qh3 36. Qxf3 Qxh2+ 37. Kf1 Qh3+ 38. Ke2 Re8+ 39. Re3 Rxe3+ 40. fxe3 Qd7 41. Rh1 Rxh1 42. Qxh1 Qb5+ 43. Kf2 c6 44. Qh7+ Ke8 45. Nf5 Qb2 46. Qg6+ Kd8 47. Qxf6+ Ke8 48. Qxc6+ Kf7 49. Qxd5+ Kf6 50. Qe5+ Kf7 51. Ke1 Qb1+ 52. Ke2 Qc2 53. Qd5+ Kf6 54. Qf3 Ke6 55. d5+ Kd7 56. Nd4 Nc3+ 57. Kf1 Qd3+ 58. Kg1 Qg6+ 59. Kf1 Qd3+ 60. Ke1 Qb1+ 61. Kf2 Ne4+ 62. Kg2 Bxc5 63. Qf7+ Kc8 64. Qe8+ Kb7 65. Qc6+ Kb8 66. Nb5 Nd6 67. Qc7+ Ka8 68. Qd8+ Kb7 69. Nxd6+ 1-0

[Event "47th Rilton Cup 2017"]
[Site "?"]
[Date "2018.01.03"]
[Round "7"]
[White "Nihal, Sarin"]
[Black "Sasikiran, Krishnan"]
[Result "1/2-1/2"]
[ECO "D45"]
[WhiteElo "2524"]
[BlackElo "2680"]
[Annotator "RC"]
[PlyCount "64"]
[EventDate "2018.??.??"]
[EventType "swiss"]
[EventCountry "SWE"]
[SourceTitle "Stockholm"]
[TimeControl "40/5400+30:1800+30"]
[WhiteClock "0:12:39"]
[BlackClock "0:13:43"]

1. d4 d5 2. c4 e6 3. Nf3 Nf6 4. Nc3 c6 5. e3 Nbd7 6. Qc2 Bd6 7. b3 O-O 8. Be2 b6 9. O-O Bb7 10. Bb2 Re8 11. Rad1 Rc8 12. e4 e5 13. dxe5 Nxe5 14. exd5 cxd5 15. Nxe5 Bxe5 16. Bf3 Qc7 17. Nxd5 Bxd5 18. Bxd5 Bxh2+ 19. Kh1 Be5 20. Bc1 Bf4 21. Bb2 Nxd5 22. Rxd5 Qc6 23. Qd1 Qh6+ 24. Rh5 Qg6 25. Rd5 Qh6+ 26. Rh5 Qg6 27. Rd5 Rc6 28. Qf3 Qe4 29. Qxe4 Rh6+ 30. Kg1 Bh2+ 31. Kh1 Bc7+ 32. Kg1 Bh2+ 1/2-1/2

[Event "47th Rilton Cup 2017"]
[Site "?"]
[Date "2018.01.03"]
[Round "7"]
[White "Larson, Matthew W"]
[Black "Valsecchi, Alessio"]
[Result "0-1"]
[ECO "D53"]
[WhiteElo "2382"]
[BlackElo "2514"]
[Annotator "RC"]
[PlyCount "124"]
[EventDate "2018.??.??"]
[EventType "swiss"]
[EventCountry "SWE"]
[SourceTitle "Stockholm"]
[TimeControl "40/5400+30:1800+30"]
[WhiteClock "0:13:07"]
[BlackClock "0:38:22"]

1. d4 Nf6 2. c4 e6 3. Nc3 d5 4. Bg5 Be7 5. cxd5 exd5 6. e3 c6 7. Bd3 Nbd7 8. f3 Nh5 9. Bxe7 Qxe7 10. Qd2 Nf4 11. Bf1 Nb6 12. Kf2 Ne6 13. Bd3 O-O 14. Nge2 f5 15. Rad1 Bd7 16. Rhe1 Rae8 17. Kg1 Qf6 18. Nc1 f4 19. Bf1 fxe3 20. Rxe3 Nf4 21. Rde1 Rxe3 22. Rxe3 Qg5 23. Qe1 Nc4 24. Re7 Nd2 25. h4 Nxf3+ 26. Kh1 Nxe1 27. hxg5 Ne6 28. Kg1 Rf7 29. Rxf7 Kxf7 30. Nb3 Nc2 31. Ne2 b6 32. Kf2 Nxg5 33. Nf4 Ne4+ 34. Kf3 Bg4+ 35. Kxg4 Ne3+ 36. Kf3 Nxf1 37. Nc1 Nh2+ 38. Ke3 Ng4+ 39. Kf3 Nh2+ 40. Ke3 g5 41. Nfd3 Ke6 42. Ne5 Nf1+ 43. Kf3 c5 44. Ncd3 Nh2+ 45. Ke3 c4 46. Nb4 Ng3 47. Kd2 Nhf1+ 48. Ke1 Ne3 49. Kf2 Nef5 50. Nf3 Ne4+ 51. Ke1 g4 52. Ne5 h5 53. Ng6 Nxd4 54. Nf4+ Ke5 55. Nfxd5 a5 56. Nxb6 axb4 57. Nxc4+ Kf4 58. a4 bxa3 59. bxa3 h4 60. Kf1 h3 61. gxh3 gxh3 62. a4 Ng3+ 0-1

[Event "47th Rilton Cup 2017"]
[Site "?"]
[Date "2018.01.04"]
[Round "8"]
[White "Gledura, Benjamin"]
[Black "Salomon, Johan"]
[Result "0-1"]
[ECO "A09"]
[WhiteElo "2613"]
[BlackElo "2475"]
[Annotator "RC"]
[PlyCount "98"]
[EventDate "2018.??.??"]
[EventType "swiss"]
[EventCountry "SWE"]
[SourceTitle "Stockholm"]
[TimeControl "40/5400+30:1800+30"]
[WhiteClock "0:09:17"]
[BlackClock "0:18:07"]

1. Nf3 d5 2. c4 d4 3. b4 f6 4. d3 e5 5. a3 a5 6. b5 Ne7 7. g3 Nf5 8. Bg2 Nd7 9. Nfd2 a4 10. Ne4 Be7 11. Bd2 c6 12. bxc6 bxc6 13. Bb4 O-O 14. c5 Nb8 15. Nbd2 Be6 16. Nc4 Bxc4 17. dxc4 Nh6 18. O-O Nd7 19. Qd3 f5 20. Nd6 Nxc5 21. Bxc5 Bxd6 22. Bxd6 Qxd6 23. c5 Qe6 24. f4 e4 25. Qxd4 Rfd8 26. Qc3 Qb3 27. Qxb3+ axb3 28. Rfb1 Rdb8 29. h3 Ra5 30. a4 Rxc5 31. Kf2 Rc2 32. a5 c5 33. a6 c4 34. a7 Ra8 35. g4 g6 36. Ra6 Nf7 37. gxf5 gxf5 38. Ra5 Nd6 39. Rd5 Rxa7 40. Rxd6 Raa2 41. Bf1 b2 42. Rdd1 Ra3 43. h4 Rf3+ 44. Ke1 Rxf4 45. Bh3 Rxh4 46. Bxf5 e3 47. Be6+ Kg7 48. Bd5 c3 49. Rd3 Rc1+ 0-1